 Dungeon Crawl Stone Soup version 0.17.1-3-g152610e (webtiles) character file.

0 GFox the Skirmisher (level 1, -2/12 HPs)
             Began as a Demonspawn Abyssal Knight on Apr 5, 2016.
             Was a Follower of Lugonu.
             Slain by a starspawn tentacle (3 damage)
             ... attached to a tentacled starspawn
             ... on level 2 of the Abyss.
             The game lasted 00:01:39 (108 turns).

GFox the Skirmisher (Demonspawn Abyssal Knight)      Turns: 108, Time: 00:01:39

Health: -2/12      AC:  1    Str:  7 (8)  XL:     1   Next: 0%
Magic:  1/1        EV:  7    Int:  8 (9)  God:    Lugonu [*.....]
Gold:   38         SH:  0    Dex:  5 (10) Spells: 0 memorised, 0 levels left

rFire  . . .     SeeInvis .     a - +1 hand axe
rCold  . . .     Rnd*Rage +     b - +0 leather armour
rNeg   . . .     SustAt   .     (no shield)
rPois  .         Gourm    .     (no helmet)
rElec  .         Spirit   .     (no cloak)
rCorr  .         Warding  .     (no gloves)
rMut   .         Rnd*Tele +     (no boots)
MR     .....                    (no amulet)
Stlth  +.........               (no ring)
                                (no ring)

@: constricted, not resistant to hostile enchantments, very unstealthy
A: berserk 1, blurry vision 2, clumsy 1, deformed body, deterioration 2, dopey
2, frail 3, low mp 3, screaming 1, slow regeneration 2, teleportitis 1, weak 2,
subdued magic 3, MP-powered wands
a: Depart the Abyss, Renounce Religion


You were on level 2 of the Abyss.
You worshipped Lugonu.
Lugonu was aware of your devotion.
You were not hungry.

You visited 0 branches of the dungeon, and saw 0 of its levels.
You visited the Abyss 1 time.

You collected 38 gold pieces.

Inventory:

Hand Weapons
 a - a +1 hand axe (weapon)
Armour
 b - a +0 leather armour (worn)
Scrolls
 e - a scroll of identify {unknown}
Potions
 d - a potion of haste {unknown}
Comestibles
 c - a bread ration


   Skills:
 + Level 3.0 Fighting
 + Level 1.7 Axes
 + Level 1.7 Armour
 + Level 0.8 Dodging
 + Level 2.4 Invocations


You couldn't memorise any spells.
You didn't know any spells.

Dungeon Overview and Level Annotations

Branches:
Dungeon (0/15)

Altars:


Innate Abilities, Weirdness & Mutations

[You tend to lose your temper in combat.]
[Scrolls take you longer to read.]
[You are clumsy. (Dex -2)]
[Armour fits poorly on your strangely shaped body.]
[Your body often deteriorates upon taking damage.]
[You are very dopey. (Int -4)]
[You are extremely frail (-30% HP).]
[Your magical capacity is extremely low (-30% MP).]
[You occasionally shout uncontrollably at your foes.]
[You do not regenerate naturally when monsters are visible.]
[You are occasionally teleported next to monsters.]
[You are very weak. (Str -4)]
[Your spells are much easier to cast, but much less powerful.]
[You expend magic power (3 MP) to strengthen your wands.]


Message History

The crimson imp twists and deforms.
The quasit twists and deforms.
Found a scroll labeled IKUCIDEODA.
Found a scroll labeled HUKASO XA DABU.
The quasit closely misses you. The quasit misses you.
The quasit barely misses you.
You see here a scroll labeled IKUCIDEODA.
e - a scroll labeled IKUCIDEODA The quasit bites you.
* * * LOW HITPOINT WARNING * * *
Your body deteriorates!
You feel weakened.
You feel clumsy. The quasit closely misses you. x2
A tentacled starspawn and an ancient zyme come into view.
You feel yourself growing ill in the presence of the ancient zyme.
The quasit barely misses you.
The quasit claws you but does no damage. x2
The crimson imp puffs mist at you.
Tentacles burst from the starspawn's body!
The crimson imp shouts, "Face thy fugue, thou droning sheep-biting brigand!"
The starspawn tentacle grabs you.
You die...

...#.....#...
...........
......... ..
....... ....# ...
..... .....
...###x..###.....
....#.....#....#
....X.w@......#
....**w5.....####
.....*.5.........
....#..*..#..#.#
... ##...###....
....#.....#..##. #
...#..##.#......#
.......#..##....ยง
.##..#.#.#.# . .


You could see a tentacled starspawn, a wretched star, an ancient zyme, 2
starspawn tentacles, a quasit and a crimson imp.

Vanquished Creatures (others)
  4 starspawn tentacle segments (Abyss:2)
4 creatures vanquished.

Notes
Turn   | Place    | Note
--------------------------------------------------------------
     0 | Abyss:1  | GFox the Demonspawn Abyssal Knight began the quest for the Orb.
     0 | Abyss:1  | Reached XP level 1. HP: 18/18 MP: 2/2
    81 | Abyss:2  | Noticed a crimson imp
    83 | Abyss:2  | Noticed a quasit
    83 | Abyss:2  | Noticed a wretched star
   106 | Abyss:2  | Noticed an ancient zyme
   106 | Abyss:2  | Noticed a tentacled starspawn
   108 | Abyss:2  | Slain by a starspawn tentacle

Action                   || total
-------------------------++-------
Melee: Hand axe          ||     4
